 Dungeon Crawl Stone Soup version 0.30.1-4-g462c640d31 (webtiles) character file.

Game seed: 8979927220091876518

583 monsoonserge the Ruffian (level 7, -12/70 HPs)
             Began as a Troll Fighter on Sept 9, 2023.
             Mangled by Menkaure (19 damage)
             ... on level 4 of the Dungeon.
             The game lasted 00:07:39 (2080 turns).

monsoonserge the Ruffian (Troll Fighter)            Turns: 2080, Time: 00:07:40

Health: -12/70     AC:  5    Str: 25    XL:     7   Next: 14%
Magic:  6/6        EV:  9    Int:  6    God:
Gold:   119        SH:  8    Dex:  9    Spells: 6/6 levels left

rFire   . .          .
                       - Unarmed
rCold   . . .        b - +0 kite shield
rNeg    . . .        a - +0 robe
rPois   .            (helmet restricted)
rElec   .            A - +0 cloak
rCorr   .            (gloves unavailable)
SInv    .            (boots unavailable)
Will    .....        (no amulet)
Stlth   +            (no ring)
HPRegen 1.11/turn    (no ring)
MPRegen 0.10/turn

%: no passive effects
@: no status effects
A: large, unfitting armour, claws 3, regeneration 1, shaggy fur 1, tough skin 1
a: no special abilities


You were on level 4 of the Dungeon.
You visited 1 branch of the dungeon, and saw 4 of its levels.

You collected 155 gold pieces.
You spent 36 gold pieces at shops.

Inventory:

Hand Weapons
 y - the +9 hand axe "Killer Klown's Bane" {freeze, Int-2 Dex+4 Stlth+}
   (You took it off a goblin on level 3 of the Dungeon)

   Int:       It affects your intelligence (-2).
   Dex:       It affects your dexterity (+4).
   Stlth:     It makes you more stealthy.
Missiles
 m - 4 boomerangs (quivered)
 u - 6 curare-tipped darts
 w - 3 javelins
 z - 11 poisoned darts
Armour
 a - a +0 robe (worn)
 b - a +0 kite shield (worn)
 A - a +0 cloak (worn)
Jewellery
 v - a ring of fire
Wands
 C - a wand of roots (10)
Scrolls
 d - a scroll of identify
 e - 3 scrolls of fog {unknown}
 f - a scroll of poison
 k - 3 scrolls of teleportation
 l - a scroll of silence
 n - 2 scrolls of vulnerability
 p - a scroll of noise {unknown}
 q - 2 scrolls of immolation {unknown}
 x - a scroll of summoning {unknown}
Potions
 c - a potion of might
 g - a potion of haste {unknown}
 h - 3 potions of curing {unknown}
 i - a potion of mutation {unknown}
 j - a potion of resistance {unknown}
 o - a potion of flight {unknown}
 r - 2 potions of heal wounds
 s - 2 potions of lignification {unknown}
 t - 2 potions of brilliance
 B - 2 potions of cancellation


   Skills:
 + Level 4.0 Fighting
 - Level 2.4 Dodging
 + Level 4.3 Shields
 * Level 5.7 Unarmed Combat


You had 6 spell levels left.
You didn't know any spells.
Your spell library contained the following spells:

 Spells                   Type           Power      Damage    Failure   Level
 Slow                     Hex            0%         N/A       71%         1
 Summon Small Mammal      Summ           0%         N/A       71%         1
 Call Canine Familiar     Summ           0%         N/A       97%         3
 Confusing Touch          Hex            0%         N/A       97%         3
 Inner Flame              Hex/Fire       0%         N/A       97%         3
 Summon Guardian Golem    Hex/Summ       0%         N/A       97%         3
 Vampiric Draining        Necr           0%         2d6       97%         3
 Yara's Violent Unravell  Hex/Tmut       0%         3d3       100%        5
 Enfeeble                 Hex            0%         N/A       100%        7


Dungeon Overview and Level Annotations

Branches:
Dungeon (4/15)
 Temple: D:4-7

Altars:
Dithmenos
Kikubaaqudgha
Trog
Uskayaw

Shops:
D:4 *

Annotations:
D:4 3 runed translucent doors, Menkaure; gummiwulf's ghost, amateur HOFi


Innate Abilities, Weirdness & Mutations

You are too large for most types of armour.
You have claws for hands.
Your natural rate of healing is unusually fast.
You are covered in fur. (AC +1)
You have tough skin. (AC +1)


Message History

y - the +9 hand axe "Killer Klown's Bane" (weapon)
{freeze, Int-2 Dex+4 Stlth+}
Found a stone staircase leading down.
n - 2 scrolls of vulnerability (gained 1)
There is a stone staircase leading down here.
You now have 119 gold pieces (gained 4).
e - 3 scrolls labelled ROBIDGH LIYFO (gained 1) Menkaure, Prince of Dust comes into view.
Menkaure shouts!
Unknown command.
The +9 hand axe "Killer Klown's Bane" {freeze, Int-2 Dex+4 Stlth+} stops glowing.
You are now empty-clawed.
Menkaure calls on the powers of darkness!
Your body is wracked with pain!
An endoplasm comes into view.
Menkaure calls on the powers of darkness!
Your body is wracked with pain!
* * * LOW HITPOINT WARNING * * *
The endoplasm convulses!
The endoplasm quivers.
You claw Menkaure!
Menkaure is heavily damaged.
You block Menkaure's attack.
You scratch Menkaure but do no damage.
Menkaure is heavily damaged.
You block Menkaure's attack.
You barely miss Menkaure.
Menkaure is heavily damaged.
Menkaure hits you!
* * * LOW HITPOINT WARNING * * *
You scratch Menkaure.
Menkaure is heavily damaged.
You claw Menkaure!
Menkaure is almost destroyed.
Menkaure points at you and mumbles some strange words.
Pain shoots through your body!
* * * LOW HITPOINT WARNING * * *
You barely miss Menkaure.
Menkaure is almost destroyed.
Menkaure hits you!!
You die...

.......
........>..#
#.# ........
#.#.##......#
##.## ..#####.
......#......#
#...# ..# #.#
#..#.######
#...# ..# #.#
#..#. #...# ..#
....#..#. ###
#.### ..###
#.#...J..
##.###.# ....#
#.....M##
#......# ....#
#@## ##.#####
.#..## #...#.##
#.# ......
#..###.######.#
##..### #.#
##.......#
....# ##
#.########
...## #.# .#.#
#.# .#.# ## .#
#


You could see Menkaure and an endoplasm.

Vanquished Creatures
  Grinder (D:4)
  Edmund (D:4)
  A scorpion (D:4)
  A howler monkey (D:2)
  Ijyb (D:4)
  Jessica (D:2)
  2 adders
  An ufetubus (D:4)
  A worm (D:2)
  3 dart slugs
  4 orcs (D:4)
  9 ball pythons
  9 bats
  4 endoplasms
  6 giant cockroaches
  6 hobgoblins
  4 jackals
  3 quokkas
  3 frilled lizards
  8 goblins
  7 kobolds
  4 rats
80 creatures vanquished.

Notes
Turn   | Place    | Note
-------+----------+-------------------------------------------
     0 | D:1      | monsoonserge the Troll Fighter began the quest for the Orb.
     0 | D:1      | Reached XP level 1. HP: 22/22 MP: 0/0
    63 | D:1      | Reached XP level 2. HP: 29/29 MP: 1/1
   528 | D:2      | Reached XP level 3. HP: 35/36 MP: 2/2
   626 | D:2      | Reached skill level 3 in Unarmed Combat
   784 | D:2      | Noticed Jessica
   788 | D:2      | Killed Jessica
   789 | D:2      | Reached XP level 4. HP: 44/44 MP: 3/3
   946 | D:3      | Found a bloodstained altar of Trog.
   950 | D:3      | Found a shadowy altar of Dithmenos.
  1141 | D:3      | Found a hide-covered altar of Uskayaw.
  1151 | D:3      | Reached skill level 4 in Unarmed Combat
  1172 | D:3      | Identified the +9 hand axe "Killer Klown's Bane" {freeze,
                  | Int-2 Dex+4 Stlth+}
  1182 | D:3      | Reached XP level 5. HP: 49/52 MP: 4/4
  1244 | D:3      | Found an ancient bone altar of Kikubaaqudgha.
  1527 | D:4      | Noticed Edmund
  1689 | D:4      | Noticed Ijyb
  1695 | D:4      | Killed Ijyb
  1746 | D:4      | Found Biphak Bucs's General Store.
  1752 | D:4      | Bought a scroll of teleportation for 36 gold pieces
  1815 | D:4      | Reached XP level 6. HP: 61/61 MP: 5/5
  1882 | D:4      | Killed Edmund
  1883 | D:4      | Reached skill level 5 in Unarmed Combat
  1959 | D:4      | Noticed Grinder
  1975 | D:4      | Killed Grinder
  1976 | D:4      | Reached XP level 7. HP: 44/70 MP: 6/6
  2030 | D:4      | Found a runed translucent gate.
  2030 | D:4      | Found a runed translucent gate.
  2030 | D:4      | Found a runed translucent gate.
  2033 | D:4      | Noticed gummiwulf's ghost (amateur HOFi)
  2070 | D:4      | Noticed Menkaure
  2080 | D:4      | Mangled by Menkaure

Illustrated notes

Levels and vault maps discovered:
D:1:      pf_arrival_petrified_forest, layout_rooms
D:2:      layout_rooms, nrook_mini_backslash, minmay_pentomino_x2, uniq_jessica
D:3:      layout_rooms, mainiacjoe_overflow_tiny_flanked,
          chequers_temple_overflow_statue_of_worship, minivault_14,
          minmay_door_square, serial_park_tiny_pond, dk_noncrumbling_2
D:4:      layout_loops_cross, serial_shops, shop, gammafunk_ghost_necromancy,
          minmay_misc_feat_encased, uniq_menkaure, uniq_edmund, uniq_grinder,
          uniq_ijyb

Skill      XL: |  1  2  3  4  5  6 |
---------------+-------------------+-----
Shields        | 3 4 |  4.3
Unarmed Combat | 3 4 5 |  5.7
Fighting       | 3 4 |  4.0
Dodging        | |  2.4

Action                     |  1- 3 |  4- 6 |  7- 9 || total
---------------------------+-------+-------+-------++-------
  Melee: Unarmed           |    83 |    69 |     6 ||   158
         Hand axe          |       |    55 |       ||    55
    Use: Scroll            |       |     6 |       ||     6
   Stab: Sleeping          |       |     4 |       ||     4
 Armour: Robe              |    30 |    39 |       ||    69
  Dodge: Dodged            |    34 |    60 |       ||    94
  Block: Kite shield       |    34 |    55 |     2 ||    91
